 Dungeon Crawl Stone Soup version 0.31-a0-259-g771a54ca4b (webtiles) character file.

Game seed: 9263952397800240634

16 qw the Shooter (level 2, -3/24 HPs)
             Began as a Minotaur Hexslinger on July 13, 2023.
             Slain by an ogre
             ... wielding a +0 giant club
              (25 damage)
             ... on level 2 of the Dungeon.
             The game lasted 00:00:15 (1083 turns).

qw the Shooter (Minotaur Hexslinger)                Turns: 1083, Time: 00:00:16

Health: -3/24      AC:  5    Str: 12    XL:     2   Next: 41%
Magic:  2/2        EV: 10    Int: 10    God:
Gold:   13         SH:  0    Dex: 12    Spells: 2/3 levels left

rFire   . . .        Y - +1 sling
rCold   . . .        (no shield)
rNeg    . . .        f - +0 ring mail
rPois   +            (helmet restricted)
rElec   .            (no cloak)
rCorr   .            (no gloves)
SInv    .            (no boots)
Will    .....        i - amulet of the acrobat
Stlth   +            g - ring of poison resistance
HPRegen 0.24/turn    (no ring)
MPRegen 0.08/turn

%: acrobat
@: no status effects
A: horns 2, retaliatory headbutt
a: no special abilities


You were on level 2 of the Dungeon.
You visited 1 branch of the dungeon, and saw 2 of its levels.

You collected 99 gold pieces.
You spent 86 gold pieces at shops.


Innate Abilities, Weirdness & Mutations

You have a pair of horns on your head.
You reflexively headbutt those who attack you in melee.


   Skills:
 - Level 2.0 Fighting
 + Level 3.1 Ranged Weapons
 - Level 2.1 Dodging
 - Level 1.0 Spellcasting
 - Level 2.0 Hexes


You had 2 spell levels left.
You knew the following spells:

 Your Spells              Type           Power      Damage    Failure   Level
a - Slow                  Hex            16%        N/A       34%         1

Your spell library contained the following spells:

 Spells                   Type           Power      Damage    Failure   Level
 Inner Flame              Hex/Fire       2%         N/A       83%         3
 Portal Projectile        Hex/Tloc       4%         N/A       83%         3
 Cause Fear               Hex            2%         N/A       98%         4

Inventory:

Hand Weapons
 Y - a +1 sling (weapon)
Armour
 f - a +0 ring mail (worn)
Jewellery
 g - a ring of poison resistance (left hand)
 i - an amulet of the acrobat (around neck)
Scrolls
 a - a scroll of enchant armour {unknown}
Potions
 d - a potion of berserk rage {unknown}
 j - a potion of degeneration {unknown}
 m - a potion of attraction {unknown}
 n - a potion of curing

Dungeon Overview and Level Annotations

Branches:
Dungeon (2/15)

Altars:

Shops:
D:1 =!:!?


Message History

Found 7 gold pieces.
There is a stone staircase leading up here.
Waypoint 1 assigned to D:2.
You now have 13 gold pieces (gained 7).
Found a maw talisman.
A giant cockroach comes into view.
You see here a scroll labelled VONGAR FEBEITT.
You shoot a sling bullet.
The sling bullet barely misses the giant cockroach.
You shoot a sling bullet.
The sling bullet hits the giant cockroach.
The giant cockroach is moderately wounded.
You shoot a sling bullet.
The sling bullet hits the giant cockroach.
The giant cockroach is severely wounded.
The giant cockroach closely misses you.
You shoot a sling bullet.
The sling bullet barely misses the giant cockroach.
The giant cockroach barely misses you. You furiously retaliate!
You headbutt the giant cockroach!
You kill the giant cockroach!
a - a scroll labelled VONGAR FEBEITT An ogre comes into view.
It is wielding a +0 giant club.
The ogre shouts!
The ogre moves out of view.
You shoot a sling bullet. The sling bullet hits the ogre.
The ogre is lightly wounded.
You shoot a sling bullet. The sling bullet hits the ogre.
The ogre is moderately wounded.
You shoot a sling bullet. The sling bullet hits the ogre.
The ogre is moderately wounded.
A frilled lizard comes into view.
The ogre hits you with a +0 giant club!!
Ouch! That really hurt!
1083 ||| DRINKING potion of heal wounds.
You feel much better.
The frilled lizard hisses angrily.
The ogre hits you with a +0 giant club!!
Ouch! That really hurt!
You die...

...#.# .....#. ......
.... .# #. ... .# #.
#.# .# #. ##.#####O#
.# #. ..$....@.###.#
#. ##.###.......# #.
###.###.#.###.# #.
...###.......# #.
###.#|#.############.
#.....#######.....<
#.............#####
#.####...##########
#.......##


You could see an ogre.

Vanquished Creatures
  4 ball pythons (D:1)
  A bat (D:1)
  2 endoplasms (D:1)
  A giant cockroach (D:2)
  3 hobgoblins (D:1)
  2 kobolds (D:1)
  A rat (D:1)
14 creatures vanquished.

Notes
Turn   | Place    | Note
-------+----------+-------------------------------------------
     0 | D:1      | qw the Minotaur Hexslinger began the quest for the Orb.
     0 | D:1      | Reached XP level 1. HP: 16/16 MP: 1/1
     0 | D:1      | 0 ||| qw: Version: 0.3-a-52-g30416fa
     0 | D:1      | 0 ||| qw: Game counter: 6925
     0 | D:1      | 0 ||| qw: Melee chars always use a shield: true
     0 | D:1      | 0 ||| qw: God list: Okawaru
     0 | D:1      | 0 ||| qw: Allow faded altars: false
     0 | D:1      | 0 ||| qw: Do Orc after clearing Dungeon:15 true
     0 | D:1      | 0 ||| qw: Do second Lair branch before Depths: true
     0 | D:1      | 0 ||| qw: Lair rune preference: random
     0 | D:1      | 0 ||| qw: Goals: Normal
     0 | D:1      | 0 ||| PLANNING D:1-11
    59 | D:1      | Found Didghiaz's Book Boutique.
   446 | D:1      | Reached skill level 3 in Ranged Weapons
   447 | D:1      | Reached XP level 2. HP: 23/23 MP: 2/2
   668 | D:1      | Found Muar's Distillery.
   680 | D:1      | 680 ||| SHOPLISTING potion of cancellation (80 gold, have
                  | 77).
   680 | D:1      | 680 ||| BUYING potion of heal wounds (50 gold).
   680 | D:1      | Bought a potion of heal wounds for 50 gold pieces
   680 | D:1      | 680 ||| SHOPLISTING potion of heal wounds (50 gold, have
                  | 27).
   680 | D:1      | 680 ||| SHOPLISTING potion of resistance (100 gold, have
                  | 27).
   703 | D:1      | Found Sikeogun's Jewellery Shop.
   707 | D:1      | 707 ||| SHOPLISTING amulet of reflection (420 gold, have
                  | 42).
   707 | D:1      | 707 ||| SHOPLISTING ring of Usuemaext {rPois Will+ rCorr
                  | Dex-2 Stlth+} (495 gold, have 42).
   707 | D:1      | 707 ||| SHOPLISTING ring of fire (350 gold, have 42).
   707 | D:1      | 707 ||| SHOPLISTING ring of protection from cold (350 gold,
                  | have 42).
   707 | D:1      | 707 ||| SHOPLISTING ring of resist corrosion (280 gold,
                  | have 42).
   801 | D:1      | Found Ogatz's Distillery.
   809 | D:1      | 809 ||| SHOPLISTING 2 potions of heal wounds (120 gold,
                  | have 42).
   809 | D:1      | 809 ||| SHOPLISTING potion of cancellation (96 gold, have
                  | 42).
   809 | D:1      | 809 ||| BUYING potion of curing (36 gold).
   809 | D:1      | Bought a potion of curing for 36 gold pieces
   809 | D:1      | 809 ||| SHOPLISTING potion of curing (36 gold, have 6).
   809 | D:1      | 809 ||| SHOPLISTING potion of heal wounds (60 gold, have
                  | 6).
   809 | D:1      | 809 ||| SHOPLISTING potion of mutation (96 gold, have 6).
   823 | D:1      | Found The Oracle's Delphic Readings.
   827 | D:1      | 827 ||| SHOPLISTING scroll of identify (22 gold, have 6).
   827 | D:1      | 827 ||| SHOPLISTING scroll of teleportation (33 gold, have
                  | 6).
   943 | D:1      | 943 ||| UPGRADING to +0 ring mail.
   953 | D:1      | 953 ||| DROPPING +0 robe.
   954 | D:1      | 954 ||| UPGRADING to amulet of the acrobat.
   959 | D:1      | 959 ||| UPGRADING to ring of poison resistance.
   960 | D:1      | 960 ||| READING scroll labelled YGGUON WERUDE.
   964 | D:1      | 964 ||| READING scroll labelled MAITOMNOSCH.
  1007 | D:1      | 1007 ||| READING scroll labelled JOOD CIRUNN.
  1008 | D:1      | 1008 ||| DROPPING scroll of poison.
  1078 | D:2      | Noticed an ogre
  1082 | D:2      | HP: 2/24 [ogre/+0 giant club (22)]
  1083 | D:2      | 1083 ||| DRINKING potion of heal wounds.
  1083 | D:2      | Slain by an ogre

Levels and vault maps discovered:
D:1:      amcnicky_arrival_gap_in_the_tavern_cellar, layout_basic, serial_shops,
          nicolae_shop_back_alley_shop, shop, shop, shop,
          nicolae_nh_oracle_at_delphi
D:2:      layout_loops_ring

Skill      XL: |  1  2 |
---------------+-------+-----
Ranged Weapons | 3 |  3.1
Fighting       | 2 |  2.0
Dodging        | |  2.1
Spellcasting   | |  1.0
Hexes          | |  2.0

Action                     || total
---------------------------++-------
   Fire: Sling             ||    42
    Use: Scroll            ||     3
         Potion            ||     1
 Armour: Robe              ||     2
  Dodge: Dodged            ||    11

Table legend:
 A = Non-vault XP
 B = Vault XP
 C = Vault XP percentage of total XP
 D = Non-vault monster count
 E = Vault monster count
 F = Vault count percentage of total count
                 A         B        C        D         E       F
            +---------+---------+-------+---------+---------+-------
      Total |      20 |       4 |  16.7 |      12 |       2 |  14.3
            +---------+---------+-------+---------+---------+-------
        D:1 |      18 |       4 |  18.2 |      11 |       2 |  15.4
        D:2 |       2 |       0 |   0.0 |       1 |       0 |   0.0
            +---------+---------+-------+---------+---------+-------
